 Dungeon Crawl Stone Soup version 0.28.0-45-g0d030f2227 (webtiles) character file.

Game seed: 5749789960311728632

603 NinjaNoafa the Skirmisher (level 7, -2/61 HPs)
             Began as a Hill Orc Fighter on Apr 5, 2022.
             Was a Follower of Kikubaaqudgha.
             Slain by a gnoll
             ... wielding a +0 spear
              (6 damage)
             ... on level 4 of the Dungeon.
             The game lasted 00:12:07 (3325 turns).

NinjaNoafa the Skirmisher (Hill Orc Fighter)        Turns: 3325, Time: 00:12:08

Health: -2/61      AC: 11    Str: 27    XL:     7   Next: 42%
Magic:  8/9        EV:  9    Int:  8    God:    Kikubaaqudgha [*.....]
Gold:   119        SH:  5    Dex: 10    Spells: 9/9 levels left

rFire   . . .      SeeInvis .   r - +0 broad axe
rCold   . . .      Faith    .   c - +0 buckler
rNeg    + . .      Spirit   .   b - +0 scale mail
rPois   .          Reflect  .   d - +0 helmet
rElec   .          Harm     .   p - +0 cloak
rCorr   .          Rampage  .   (no gloves)
Will    .....                   s - +0 pair of boots
Stlth   ..........              (no amulet)
HPRegen 0.20/turn               g - +6 ring of strength
MPRegen 0.11/turn               h - ring of positive energy

@: lit by a corona, glowing
A: no striking features
a: Renounce Religion, Receive Corpses


You were on level 4 of the Dungeon.
You worshipped Kikubaaqudgha.
Kikubaaqudgha was aware of your devotion.
You visited 1 branch of the dungeon, and saw 4 of its levels.

You collected 119 gold pieces.

Inventory:

Hand Weapons
 a - a +0 war axe
 q - a +3 dagger of venom
 r - a +0 broad axe (weapon)
Missiles
 i - 104 stones (quivered)
Armour
 b - a +0 scale mail (worn)
 c - a +0 buckler (worn)
 d - a +0 helmet (worn)
 p - a +0 cloak (worn)
 s - a +0 pair of boots (worn)
Jewellery
 g - a +6 ring of strength (left hand)
 h - a ring of positive energy (right hand)
Scrolls
 e - a scroll of amnesia
 j - a scroll of teleportation {unknown}
Potions
 f - a potion of brilliance


   Skills:
 - Level 5.0 Fighting
 + Level 2.9 Short Blades
 - Level 4.2 Axes
 - Level 5.0 Armour
 - Level 5.0 Shields
 * Level 1.5 Spellcasting
 * Level 1.8 Necromancy


You had 9 spell levels left.
You didn't know any spells.
Your spell library contained the following spells:

 Spells                   Type           Power      Damage    Failure   Level
 Animate Skeleton         Necr           6%         N/A       43%         1
 Pain                     Necr           12%        1d4       43%         1
 Sublimation of Blood     Necr           3%         N/A       58%         2
 Freeze                   Ice            0%         1d3       71%         1
 Frozen Ramparts          Ice            0%         1d2       97%         3
 Ozocubu's Armour         Ice            0%         N/A       97%         3
 Hailstorm                Conj/Ice       0%         3d3       100%        4
 Agony                    Necr           3%         N/A       100%        5
 Excruciating Wounds      Necr           1%         N/A       100%        5
 Ozocubu's Refrigeration  Ice            0%         4d5       100%        7


Dungeon Overview and Level Annotations

Branches:
Dungeon (4/15)
 Temple: D:4-7

Altars:
Kikubaaqudgha

Shops:
D:2 [   D:4 *

Annotations:
D:4 Blork the orc, Dowan


Message History

Kikubaaqudgha accepts your kill.
Dowan seems overcome with grief.
Dowan seems to find hidden reserves of power!
Dowan hits you with a +0 dagger of speed.
* * * LOW HITPOINT WARNING * * *
The gnoll misses you.
Dowan says, "How can I live without her?"
Dowan mumbles some strange words.
Dowan blinks!
The gnoll hits you but does no damage.
You hit the gnoll.
The gnoll is moderately wounded.
You block the gnoll's attack.
The gnoll hits you from afar with a +0 spear.
* * * LOW HITPOINT WARNING * * *
Okay, then.
Your +3 dagger of venom stops dripping with poison.
r - a +0 broad axe (weapon)
You block the gnoll's attack.
You barely miss the gnoll.
The gnoll is moderately wounded.
The gnoll barely misses you. The gnoll hits you with a +0 whip.
* * * LOW HITPOINT WARNING * * *
The gnoll hits you but does no damage.
You hit the gnoll.
The gnoll is heavily wounded.
The gnoll hits you with a +0 whip.
* * * LOW HITPOINT WARNING * * *
The gnoll hits you from afar with a +0 spear.
* * * LOW HITPOINT WARNING * * *
The gnoll closely misses you.
You hit the dart slug but do no damage. You barely miss the gnoll.
You block the gnoll's attack.
Dowan casts a spell.
Dowan blinks!
The dart slug launches a dart at you.
The slug dart hits you but does no damage.
The gnoll closely misses you.
The gnoll hits you from afar with a +0 spear.
You die...
Kikubaaqudgha rasps: "You have failed me!
Welcome... death!"

#....# #### #....#
.... #....#######...
########....#....g....
#..............####.##
#..............# #.##
#.....g........# #.#†
#e....g§..###.## #)#.
#....@w...# #.# #g#g
#.........# #.. #e#.
#.........# #### #.##
#.........# #w..
########### ####


You could see Dowan (fast), 2 gnolls and a dart slug.

Vanquished Creatures
  Grinder (D:4)
  Duvessa (D:4)
  A bullfrog (D:4)
  A howler monkey (D:4)
  An iguana (D:4)
  Robin (D:3)
  A gnoll (D:4)
  7 adders
  2 adder skeletons (D:4)
  2 dart slugs
  2 orcs
  8 ball pythons
  4 endoplasms
  A giant cockroach (D:1)
  17 goblins
  8 hobgoblins
  7 quokkas
  5 bats (D:1)
  2 frilled lizards
  8 kobolds
  8 rats
88 creatures vanquished.

Notes
Turn   | Place    | Note
-------+----------+-------------------------------------------
     0 | D:1      | NinjaNoafa the Hill Orc Fighter began the quest for the
                  | Orb.
     0 | D:1      | Reached XP level 1. HP: 19/19 MP: 1/1
   104 | D:1      | Reached XP level 2. HP: 27/27 MP: 2/2
   339 | D:1      | Reached XP level 3. HP: 33/33 MP: 3/3
   906 | D:2      | Reached skill level 1 in Spellcasting
  1059 | D:2      | Reached XP level 4. HP: 34/40 MP: 5/5
  1175 | D:2      | Found an ancient bone altar of Kikubaaqudgha.
  1202 | D:2      | Became a worshipper of Kikubaaqudgha
  1454 | D:2      | Found Lumu's Armour Emporium.
  2373 | D:3      | Reached XP level 5. HP: 46/47 MP: 6/6
  2414 | D:3      | Noticed Robin
  2420 | D:3      | Reached * piety under Kikubaaqudgha
  2420 | D:3      | Received a gift from Kikubaaqudgha
  2425 | D:3      | Killed Robin
  2711 | D:4      | Found Ughurph's Gadget Gallery.
  2816 | D:4      | Reached XP level 6. HP: 49/55 MP: 7/7
  2918 | D:4      | Reached skill level 5 in Fighting
  2922 | D:4      | Noticed Grinder
  2935 | D:4      | Paralysed by Grinder for 3 turns
  2945 | D:4      | Paralysed by Grinder for 2 turns
  2964 | D:4      | Paralysed by Grinder for 7 turns
  2965 | D:4      | Killed Grinder
  2966 | D:4      | Reached skill level 5 in Armour
  2966 | D:4      | Reached skill level 5 in Shields
  2966 | D:4      | Reached XP level 7. HP: 24/61 MP: 8/8
  3247 | D:4      | Reached skill level 1 in Necromancy
  3251 | D:4      | Noticed Duvessa
  3251 | D:4      | Noticed Dowan
  3252 | D:4      | Noticed Blork the orc
  3320 | D:4      | Killed Duvessa
  3325 | D:4      | Slain by a gnoll

Illustrated notes

Levels and vault maps discovered:
D:1:      dpeg_arrival_subterranean_lakeside_camping, layout_loops_ring,
          minmay_hexomino_p4
D:2:      layout_basic, serial_shops, shop, basic_altar
D:3:      layout_loops_corners, chequers_serial_rivers_micro_e, uniq_robin
D:4:      layout_basic, mainiacjoe_overflow_swirl, nicolae_shop_gadgets,
          uniq_blork_the_orc, uniq_duvessa, uniq_grinder

Skill      XL: |  1  2  3  4  5  6  7 |
---------------+----------------------+-----
Axes           | 3 4 |  4.2
Fighting       | 4 5 |  5.0
Spellcasting   | 1 |  1.5
Armour         | 4 5 |  5.0
Shields        | 4 5 |  5.0
Short Blades   | 2 |  2.9
Necromancy     | 1 |  1.8

Action                   |  1- 3 |  4- 6 |  7- 9 || total
-------------------------+-------+-------+-------++-------
Melee: War axe           |   124 |    68 |       ||   192
       Broad axe         |       |    25 |     3 ||    28
       Dagger            |       |    33 |    30 ||    63
Throw: Stone             |     2 |       |       ||     2
Invok: Receive Corpses   |       |       |     1 ||     1
  Use: Potion            |       |     5 |       ||     5
       Scroll            |       |     3 |     2 ||     5
Armor: Scale mail        |    82 |    59 |    19 ||   160
Dodge: Dodged            |    90 |    45 |    33 ||   168
Block: Buckler           |    29 |    23 |    17 ||    69
